 Dungeon Crawl Stone Soup version 0.26.0-90-g5fd8617961 (webtiles) character file.

Game seed: 3273756849584015189

74 Descartes the Magician (level 4, 0/36 HPs)
             Began as a Deep Elf Hedge Wizard on Feb 2, 2021.
             Slain by an adder (2 damage)
             ... on level 2 of the Dungeon.
             The game lasted 00:04:12 (2036 turns).

Descartes the Magician (Deep Elf Hedge Wizard)      Turns: 2036, Time: 00:04:13

Health: 0/36       AC:  5    Str:  7    XL:     4   Next: 9%
Magic:  1/12       EV: 10    Int: 20    God:
Gold:   120        SH:  0    Dex: 14    Spells: 10/11 levels left

rFire    + . .     SeeInvis .   a - +0 dagger
rCold    . . .     Faith    .   (no shield)
rNeg     . . .     Spirit   .   h - +0 ring mail {rF+}
rPois    .         Reflect  .   c - +0 hat
rElec    .         Harm     .   (no cloak)
rCorr    .         Rampage  .   (no gloves)
Will     .....                  (no boots)
Stlth    ..........             (no amulet)
HPRegen  0.12/turn              (no ring)
MPRegen  0.13/turn              (no ring)

@: berserking, lethally poisoned (0 -> -19), very quick
A: no striking features
a: no special abilities


You were on level 2 of the Dungeon.
You visited 1 branch of the dungeon, and saw 2 of its levels.

You collected 120 gold pieces.

Inventory:

Hand Weapons
 a - a +0 dagger (weapon)
Missiles
 d - 36 stones
 f - 19 bolts
Armour
 b - a +0 robe
 c - a +0 hat (worn)
 h - a +0 ring mail of fire resistance (worn)
 k - a +0 buckler
Scrolls
 i - 3 scrolls of identify {unknown}
 j - a scroll of fear {unknown}
Potions
 e - a potion of heal wounds {unknown}
 g - 2 potions of degeneration {unknown}
 l - 2 potions of berserk rage
 m - a potion of resistance {unknown}
 n - a potion of flight {unknown}


   Skills:
 - Level 2.4 Dodging
 - Level 2.4 Stealth
 * Level 1.3 Shields
 - Level 4.4 Spellcasting
 + Level 3.7 Conjurations
 - Level 1.1 Summonings
 - Level 1.1 Translocations


You had 10 spell levels left.
You knew the following spells:

 Your Spells              Type           Power        Failure   Level
a - Magic Dart            Conj           76%          10%         1

Your spell library contained the following spells:

 Spells                   Type           Power        Failure   Level
 Blink                    Tloc           N/A          38%         2
 Call Imp                 Summ           8%           38%         2
 Conjure Flame            Conj/Fire      11%          52%         3
 Slow                     Hex            4%           54%         2
 Mephitic Cloud           Conj/Pois/Air  9%           61%         3


Dungeon Overview and Level Annotations

Branches:
Dungeon (2/15)

Altars:


Message History

The adder is almost dead.
You feel sick. The adder bites you.
* * * LOW HITPOINT WARNING * * *
You are lethally poisoned!
The adder poisons you! The adder bites you but does no damage.
The adder bites you.
* * * LOW HITPOINT WARNING * * *
You are more poisoned.
The adder poisons you!
* * * LOW HITPOINT WARNING * * *
You feel sick. The adder bites you.
* * * LOW HITPOINT WARNING * * *
You are more poisoned.
The adder poisons you!
It was a potion of berserk rage.
A red film seems to cover your vision as you go berserk!
You feel yourself moving faster!
You feel mighty!
* * * LOW HITPOINT WARNING * * *
You feel sick. The adder bites you but does no damage. The adder bites you.
You die...

#....#..........##
#.# #.
#....#.###.####..#
#.###. #....#.# #...
#..## #.##<.
#....#.# #....#...#
#.##..
#....#.###....#...#
#.##..
####.#..##....†...##
#.##.. #.#..##
#....# #.##..
#...### #S...#
#<..).
#.....####.@..#...
#....#
#.....†............
######
###################
######### #........
#.###.#.# #.# #.#.#
#.# #.#..


You could see an adder.

Vanquished Creatures
  2 adders (D:2)
  An ooze (D:1)
  A worm (D:2)
  2 dart slugs (D:1)
  2 leopard geckos (D:1)
  3 giant cockroaches
  8 goblins
  3 hobgoblins
  3 jackals (D:2)
  A quokka (D:2)
  8 bats (D:1)
  A frilled lizard (D:1)
  4 kobolds
  2 rats (D:2)
41 creatures vanquished.

Notes
Turn   | Place    | Note
-------+----------+-------------------------------------------
     0 | D:1      | Descartes the Deep Elf Hedge Wizard began the quest for the
                  | Orb.
     0 | D:1      | Reached XP level 1. HP: 10/10 MP: 7/7
   330 | D:1      | Reached XP level 2. HP: 15/15 MP: 7/9
   848 | D:1      | Reached XP level 3. HP: 19/19 MP: 4/10
  1768 | D:2      | Found a faded altar of an unknown god.
  1915 | D:2      | Reached skill level 1 in Shields
  2024 | D:2      | Reached XP level 4. HP: 23/24 MP: 4/12
  2036 | D:2      | Slain by an adder

Illustrated notes

Levels and vault maps discovered:
D:1:      enne_arrival_octagon_isle, layout_basic
D:2:      minmay_recursive_quarters, layout_basic,
          chequers_ecumenical_altar_simple_redux

Skill      XL: |  1  2  3 |
---------------+----------+-----
Conjurations   | 2 3 |  3.7
Shields        | 1 |  1.3
Dodging        | |  2.4
Stealth        | |  2.4
Spellcasting   | |  4.4
Summonings     | |  1.1
Translocations | |  1.1

Action                   |  1- 3 |  4- 6 || total
-------------------------+-------+-------++-------
Melee: Dagger            |    45 |     5 ||    50
 Cast: Magic Dart        |   100 |     5 ||   105
  Use: Potion            |       |     1 ||     1
Armor: Robe              |     3 |       ||     3
       Ring mail         |    40 |     5 ||    45
Dodge: Dodged            |    62 |     5 ||    67
